Map: Incorporeal LE

Players

MaFia - Winner!

  • Race: Zerg Zerg
  • League: Gold
  • Spawn Location: 5:00

Sindyr

  • Race: Zerg Zerg
  • League: Master
  • Spawn Location: 11:00

VOD

Have the link to the VOD?

Description

Time

  • Played on: Oct. 16, 2025, 11:25 a.m.
  • Length: 7:13
Show
View Real Time Build Order
Export as new Build Order

MaFia Zerg - Winner!

Build Orders: Hatch First 

Get SALT Encoding   

  12  0:01  Drone  
  13  0:08  Drone  
  14  0:20  Extractor, Drone  
  14  0:24  Overlord  
  15  0:47  Drone  
  15  0:48  Hatchery  
  15  1:03  Spawning Pool  
  14  1:14  Drone x3  
  17  1:24  Extractor  
  16  1:26  Drone  
  17  1:36  Drone  
  18  1:46  Drone  
  19  1:52  Queen  
  21  1:59  Drone  
  22  2:02  Queen  
  22  2:03  Drone  
  25  2:08  Overlord  
  25  2:26  Drone x3  
  28  2:33  Metabolic Boost  
  28  2:37  Drone  
  29  2:55  Zergling x10  
  34  3:04  Zergling x4  
  36  3:05  Overlord  
  36  3:14  Baneling Nest  
  35  3:21  Zergling x2  
  35  3:22  Overlord  
  36  3:28  Extractor  
  36  3:30  Drone x2  
  36  3:33  Drone x3  
  40  3:46  Zergling x8  
  44  3:56  Evolution Chamber  
  44  3:59  Zergling x6  
  44  4:00  Zergling x4  
  48  4:04  Lair  
  48  4:11  Drone  
  49  4:23  Hatchery  
  49  4:24  Zerg Melee Weapons Level 1  
  48  4:28  Zergling x8  
  48  4:30  Overlord  
  52  4:40  Baneling x3  
  52  4:41  Baneling  
  52  4:49  Drone x3  
  52  4:51  Zergling x4  
  52  4:52  Zergling x4  
  58  5:09  Zergling x2  
  58  5:11  Overlord  
  58  5:12  Overlord  
  59  5:21  Centrifugal Hooks  
  59  5:26  Spire  
  59  5:27  Drone  
  59  5:29  Overlord  
  59  5:37  Zergling x2  
  59  5:38  Zergling x8  
  63  6:02  Zergling x2  
  63  6:03  Zergling x16  
  72  6:34  Zergling x24  
Show
View Real Time Build Order
Export as new Build Order

Sindyr Zerg 

Build Orders: Hatch First 

Get SALT Encoding   

  12  0:02  Drone  
  13  0:13  Drone  
  14  0:16  Extractor, Drone  
  15  0:33  Overlord  
  15  0:36  Overlord  
  15  0:58  Drone, Hatchery  
  15  1:06  Extractor  
  15  1:10  Drone x2  
  16  1:15  Drone  
  17  1:31  Spawning Pool  
  16  1:33  Drone  
  16  1:38  Drone  
  18  1:45  Drone  
  19  1:53  Drone  
  20  2:15  Drone x3  
  21  2:20  Queen  
  25  2:23  Queen  
  27  2:35  Roach Warren  
  26  2:38  Drone  
  26  2:40  Zergling x2  
  26  2:41  Zergling x2  
  29  2:44  Zergling x2  
  29  2:49  Metabolic Boost  
  30  3:07  Lair  
  30  3:10  Drone x4  
  34  3:13  Overlord  
  34  3:21  Queen  
  36  3:27  Overlord  
  36  3:44  Extractor  
  36  3:45  Drone x7  
  36  3:47  Extractor, Drone  
  42  4:09  Glial Reconstitution  
  42  4:14  Drone  
  42  4:15  Drone x2, Evolution Chamber  
  45  4:17  Drone x2  
  45  4:19  Drone x3  
  45  4:21  Drone  
  50  4:26  Overlord x2  
  50  4:28  Overseer  
  50  4:31  Lair  
  50  4:40  Extractor  
  50  4:42  Zerg Missile Weapons Level 1  
  49  4:57  Drone x3  
  52  5:23  Roach  
  52  5:24  Hydralisk Den, Roach x7  
  67  5:30  Hatchery  
  66  5:54  Drone x2, Evolution Chamber  
  67  6:06  Drone  
  68  6:13  Overlord  
  68  6:46  Roach x3  
  68  6:47  Roach x3  
  82  6:50  Overlord x3  
  82  6:51  Overlord x4  
Tags
 
Matchup
ZvZ
Race
Zerg
Replay Pack
Multiplayer
Spawn Locations
Cross Positions
Add a new tag
Caveats
  • Supply blocks, unpowered buildings, or Contaminate may cause inaccurate times.
  • Supply counts are checked every 10 seconds.